 Dungeon Crawl Stone Soup version 0.32-a0-411-g744942f433 (webtiles) character file.

Game seed: 18084580315441461461

172449 pokeman the Sorcerer (level 17, -1/96 HPs)
             Began as a Deep Elf Hedge Wizard on Feb 20, 2024.
             Was a High Priest of Vehumet.
             Slain by a titan (23 damage)
             ... on level 4 of the Shoals.
             The game lasted 01:36:48 (36106 turns).

pokeman the Sorcerer (Deep Elf Hedge Wizard)       Turns: 36106, Time: 01:36:49

Health: -1/96      AC: 16    Str:  7    XL:     17   Next: 41%
Magic:  23/48      EV:  7    Int: 34    God:    Vehumet [*****.]
Gold:   4711       SH:  5    Dex: 14    Spells: 20/67 levels left

rFire   . . .        q - +11 Singing Sword {sonic wave}
rCold   + . .        R - +0 buckler
rNeg    . . .        J - +0 ice dragon scales
rPois   +            c - +0 hat
rElec   .            H - +0 cloak {rPois}
rCorr   .            h - +1 pair of gloves
SInv    +            T - +0 pair of boots
Will    +....        Z - amulet "Oworik" {rPois Regen+ SInv}
Stlth   +            Y - +6 ring of intelligence
HPRegen 1.16/turn    b - ring of fire
MPRegen 0.31/turn

%: no passive effects
@: very slow
A: no striking features
a: Renounce Religion


You were on level 4 of the Shoals.
You worshipped Vehumet.
Vehumet was extremely pleased with you.
You visited 6 branches of the dungeon, and saw 28 of its levels.
You also visited: Gauntlet.

You collected 5434 gold pieces.
You spent 723 gold pieces at shops.

Inventory:

Hand Weapons
 q - the +11 Singing Sword (weapon) {sonic wave}
   (You found it on level 4 of the Dungeon)
Missiles
 w - a throwing net
 Q - 3 curare-tipped darts
Armour
 c - a +0 hat (worn)
 g - the +1 leather armour "Vanin" {rF++ rC+ Will- rCorr}
   (You found it in a Gauntlet)

   rF++:      It greatly protects you from fire.
   rC+:       It protects you from cold.
   Will-:     It decreases your willpower.
   rCorr:     It protects you from acid and corrosion.
 h - a +1 pair of gloves (worn)
 H - a +0 cloak of poison resistance (worn)
 J - +0 ice dragon scales (worn)
 R - a +0 buckler (worn)
 T - a +0 pair of boots (worn)
Magical Staves
 y - a staff of cold
 G - a staff of death
Jewellery
 a - an amulet of faith
 b - a ring of fire (right hand)
 i - a ring of protection from fire
 v - a ring of positive energy
 Y - a +6 ring of intelligence (left hand)
 Z - the amulet "Oworik" (around neck) {rPois Regen+ SInv}
   (You found it in a Gauntlet)

   [amulet of regeneration]

   rPois:     It protects you from poison SInv: It lets you see invisible.
   Regen+:    It increases your rate of health regeneration.
Wands
 e - a wand of roots (9)
 u - a wand of flame (22)
 B - a wand of paralysis (18)
Scrolls
 f - 4 scrolls of identify
 j - a scroll of enchant armour
 l - 2 scrolls of poison
 n - 2 scrolls of enchant weapon
 p - 2 scrolls of revelation
 r - 2 scrolls of immolation
 s - 12 scrolls of teleportation
 z - a scroll of butterflies {unknown}
 A - a scroll of amnesia
 C - a scroll of acquirement
 D - a scroll of blinking
Potions
 d - 4 potions of magic
 k - 16 potions of curing
 o - 2 potions of attraction
 t - 2 potions of ambrosia
 x - a potion of enlightenment
 F - a potion of heal wounds
 K - 8 potions of haste
 L - 5 potions of mutation
 N - a potion of resistance
 W - 4 potions of cancellation
Miscellaneous
 m - a lightning rod (4/4)


   Skills:
 - Level 7.3 Fighting
 - Level 5.0 Long Blades
 + Level 6.9 Armour
 - Level 3.0 Dodging
 - Level 3.0 Stealth
 - Level 6.0 Shields
 * Level 25.7 Spellcasting
 + Level 15.9 Conjurations
 - Level 1.1 Summonings
 - Level 3.0 Necromancy
 - Level 1.1 Translocations
 + Level 13.7 Fire Magic
 - Level 3.0 Ice Magic
 - Level 1.1 Air Magic
 - Level 4.0 Earth Magic
 - Level 1.2 Alchemy
 - Level 1.0 Evocations


You had 20 spell levels left.
You knew the following spells:

 Your Spells              Type           Power      Damage    Failure   Level
a - Magic Dart            Conj           100%       1d8       0%          1
b - Mephitic Cloud        Conj/Alch/Air  71%        N/A       1%          3
c - Call Imp              Summ           100%       N/A       11%         2
d - Blink                 Tloc           100%       N/A       11%         2
e - Foxfire               Conj/Fire      100%       2x1d9     1%          1
f - Fireball              Conj/Fire      60%        3d23      1%          5
g - Iskenderun's Battles  Conj           100%       2d15      1%          5
h - Starburst             Conj/Fire      60%        6d16      1%          6
i - Lee's Rapid Deconstr  Erth           31%        3d16*     16%         5
j - Stone Arrow           Conj/Erth      100%       3d13      1%          3
k - Bombard               Conj/Erth      42%        9d7       8%          6
l - Ignition              Fire           58%        3d16      54%         8

Your spell library contained the following spells:

 Spells                   Type           Power      Damage    Failure   Level
 Momentum Strike          Conj/Tloc      100%       3d10      1%          2
 Searing Ray              Conj           100%       2d8       1%          2
 Fulminant Prism          Conj/Alch      40%        3d19      1%          4
 Summon Blazeheart Golem  Fire/Summ      96%        N/A       5%          4
 Summon Small Mammal      Summ           100%       N/A       7%          1
 Cigotuvi's Dreadful Rot  Necr/Alch/Air  100%       N/A       9%          2
 Ozocubu's Armour         Ice            59%        N/A       10%         3
 Vampiric Draining        Necr           59%        2d10      10%         3
 Slow                     Hex            100%       N/A       11%         1
 Lesser Beckoning         Tloc           100%       N/A       11%         2
 Summon Ice Beast         Ice/Summ       55%        N/A       14%         3
 Call Canine Familiar     Summ           50%        N/A       22%         3
 Confusing Touch          Hex            43%        N/A       32%         3
 Sigil of Binding         Hex            43%        N/A       32%         3
 Animate Armour           Summ/Erth      100%       N/A       36%         4
 Spellforged Servitor     Conj/Summ      40%        N/A       54%         7
 Cause Fear               Hex            21%        N/A       73%         4
 Metabolic Englaciation   Hex/Ice        26%        N/A       86%         5
 Summon Forest            Summ/Tloc      25%        N/A       89%         5
 Summon Mana Viper        Hex/Summ       47%        N/A       94%         5
 Lehudib's Crystal Spear  Conj/Erth      42%        10d10     94%         8
 Sculpt Simulacrum        Ice/Alch       27%        N/A       100%        6
 Summon Cactus Giant      Summ           25%        N/A       100%        6
 Monstrous Menagerie      Summ           25%        N/A       100%        7
 Dragon's Call            Summ           25%        N/A       100%        9


Dungeon Overview and Level Annotations

Branches:
Dungeon (15/15)            Temple (1/1) D:6            Lair (5/5) D:11
 Shoals (4/4) Lair:3        Snake (0/4) Lair:2        Slime (1/5) Lair:4
    Orc (2/2) D:12            Elf (0/3) Orc:2        Vaults (0/5) D:13
 Depths (0/4) D:15        Gauntlet (visited)

Altars:
Ashenzari
Cheibriados
Dithmenos
Elyvilon
Fedhas
Gozag
Kikubaaqudgha
Makhleb
Nemelex Xobeh
Okawaru
Qazlal
Ru
Sif Muna
Trog
Uskayaw
Vehumet
Wu Jian
Xom
Yredelemnul
Zin
The Shining One
Beogh

Shops:
D:1 =   D:4 *   D:9 **(*   D:14 ![   Orc:2 *(**=   Shoals:2 =   Shoals:3 [

Annotations:
D:4 3 runed translucent doors, audacious124's ghost, amateur MDFi
Lair:2 1 exclusion


Message History

Aim: a titan (steam, moderately wounded)
You feel a surge of power!
The fireball explodes!
The fireball engulfs the titan!
The titan is moderately wounded.
The titan casts a spell at you. The bolt of lightning hits you!!
* * * LOW HITPOINT WARNING * * *
Unknown command.
Casting: Fireball (mildly dangerous; 1% risk of failure)
Confirm with . or Enter, or press ? or * to list all spells.
You blink.
Found a trident.
The titan is engulfed in a cloud of scalding steam.
The titan hits you!
* * * LOW HITPOINT WARNING * * *
Unknown command.
You feel much better.
The titan is engulfed in a cloud of scalding steam.
The titan hits you!
* * * LOW HITPOINT WARNING * * *
You enter the shallow water.
Moving in this stuff is going to be slow.
You feel ready to blink again.
Casting: Blink (safe; 11% risk of failure)
Confirm with . or Enter, or press ? or * to list all spells.
Aiming: Fireball (mildly dangerous; 1% risk of failure)
Press: ? - help, Shift-Dir - straight line, p - titan You feel a surge of power!
The fireball explodes!
The fireball engulfs the titan!!
The titan is severely wounded.
You block the titan's attack.
Unknown command.
Casting: Fireball (mildly dangerous; 1% risk of failure)
Confirm with . or Enter, or press ? or * to list all spells.
Aiming: Fireball (mildly dangerous; 1% risk of failure)
Press: ? - help, Shift-Dir - straight line You feel a surge of power!
The fireball explodes!
The fireball engulfs the titan!!!
The titan is almost dead.
The titan hits you!!
You die...

......###########################
########~.~....~..~..~~...~~#
.....ß#..#~.~.#.##.####......
......#..##.....~~~~~..~.#
..~~..#~#.#~~...~~~~~#)..#
.~~~..#.#.#..~##.#)###.#.....# ~
.~~~..#...###......~#..# ..#.#.
~~#~.)#.#~.#~ß...#..#.ß~ .# ..
.~.~#.#~#.##~~.#@##§#~~~ # .#~
~~.~~.#.#.#~~~##.C.##.~~~ .~~
~.)~~.#~#..~~##)§#...#.~~ .~.
~~#~~.'~#~###.#)§#.~)##### #
~~##~.')#.#####.~...φ# #
~##~~.#....~~#.).#..)#
~~)~~.#~#..~~~##.##.##
)~~~..#..~##~~.### ..
.~~~#.#.....~ß~# ~.


You could see a titan.

Vanquished Creatures
  Nikola (Shoals:1)
  2 krakens
  Agnes (D:15)
  Frances (Shoals:1)
  An orc warlord (Orc:1)
  A minotaur (Gauntlet)
  10 merfolk javelineers
  An ettin (Orc:2)
  10 merfolk impalers
  2 rakshasas
  2 ice dragons (Lair:5)
  9 hydras
  5 merfolk avatars
  2 vault guards (D:13)
  5 ogre magi
  27 two-headed ogres
  An alligator snapping turtle (Shoals:4)
  12 merfolk aquamancers
  5 centaur warriors
  2 satyrs
  Nergalle (D:11)
  2 occultists (D:15)
  A tengu warrior (D:15)
  Urug (D:11)
  3 skeletal warriors (D:13)
  A skyshark (Shoals:3)
  4 sixfirhies (Gauntlet)
  12 sea snakes
  A swamp dragon (Lair:5)
  A necromancer (D:15)
  2 lindwurms (Lair:5)
  4 harpies
  A deep elf zephyrmancer (D:15)
  2 orc sorcerers
  An orc knight (Orc:1)
  12 fauns
  5 deep elf pyromancers
  13 ugly things
  10 cyclopes
  A wolf spider (D:12)
  8 manticores
  Maurice (D:7)
  16 elephants
  2 black mambas (Lair:5)
  5 water nymphs (Shoals:4)
  7 merfolk sirens
  A kobold blastminer (Orc:1)
  10 cane toads
  5 torpor snails (Lair:5)
  A gargoyle (D:8)
  Maggie (D:8)
  An unseen horror (D:10)
  A centaur skeleton (D:15)
  2 kobold demonologists (D:11)
  3 rime drakes
  6 komodo dragons
  4 tengu conjurers (D:15)
  2 polar bears
  A troll (shapeshifter) (D:14)
  7 hornets
  4 tyrant leeches (Lair:5)
  19 merfolk
  A wolf spider simulacrum (D:15)
  9 trolls
  5 dream sheep
  15 blink frogs
  6 wind drakes (Shoals:4)
  11 snapping turtles
  6 shadows
  9 slime creatures
  A centaur simulacrum (D:15)
  8 air elementals (Shoals:4)
  5 wyverns
  23 water elementals
  53 yaks
  2 wraiths
  6 fire bats (Lair:3)
  9 humans (D:13)
  7 basilisks
  14 wargs
  5 steam dragons
  4 acid dragons
  Edmund (D:5)
  7 water moccasins
  A swamp drake (D:12)
  3 black bears
  An ice beast (D:6)
  30 ogres
  20 orc warriors
  5 wolves
  4 laughing skulls (D:15)
  A tengu (D:9)
  9 centaurs
  A phantom (D:6)
  9 kobold brigands
  14 bullfrogs
  6 gnoll sergeants (D:11)
  6 scorpions
  11 killer bees (D:9)
  4 electric eels
  12 howler monkeys
  3 bombardier beetles
  6 hounds
  2 jellies
  15 orc priests
  5 gnoll boudas
  Crazy Yiuf (D:7)
  10 iguanas
  30 orc wizards
  3 sleepcaps
  4 hell rats (Lair:2)
  A statue (D:8)
  4 gnolls (D:10)
  6 adders
  2 shadow imps
  2 ribbon worms
  58 orcs
  4 ball pythons
  4 endoplasms
  4 giant cockroaches
  2 goblins
  5 hobgoblins
  27 kobolds
  2 quokkas
  10 bats
  2 frilled lizards
  4 rats
  2 foxfires
  11 tentacles
858 creatures vanquished.

Vanquished Creatures (collateral kills)
  A water moccasin (D:7)
  An orc priest (D:3)
  A sleepcap (D:4)
  3 foxfires (D:11)
6 creatures vanquished.

Vanquished Creatures (others)
  A faun (Shoals:1)
  A human (D:13)
  A kobold (D:9)
  524 foxfires
  3 tentacles
530 creatures vanquished.

Grand Total: 1394 creatures vanquished

Notes
Turn   | Place    | Note
-------+----------+-------------------------------------------
     0 | D:1      | pokeman the Deep Elf Hedge Wizard began the quest for the
                  | Orb.
     0 | D:1      | Reached XP level 1. HP: 10/10 MP: 7/7
   176 | D:1      | Found a faded altar of an unknown god.
   215 | D:1      | Reached XP level 2. HP: 16/16 MP: 5/9
   472 | D:1      | Found Xieky's Jewellery Boutique.
  1025 | D:2      | Noticed a bombardier beetle
  1258 | D:2      | Killed a bombardier beetle
  1259 | D:2      | Reached skill level 1 in Fighting
  1259 | D:2      | Reached skill level 1 in Armour
  1259 | D:2      | Reached skill level 5 in Spellcasting
  1259 | D:2      | Reached XP level 3. HP: 20/20 MP: 1/11
  1263 | D:2      | Learned a level 3 spell: Mephitic Cloud
  1266 | D:2      | Learned a level 2 spell: Call Imp
  1269 | D:2      | Learned a level 2 spell: Blink
  1453 | D:2      | Reached XP level 4. HP: 25/25 MP: 3/13
  2295 | D:3      | Reached skill level 6 in Spellcasting
  2295 | D:3      | Reached XP level 5. HP: 15/29 MP: 2/15
  3306 | D:4      | Found Xaoroz's General Store.
  3360 | D:4      | Reached skill level 1 in Air Magic
  3360 | D:4      | Reached skill level 1 in Alchemy
  3436 | D:4      | Reached XP level 6. HP: 34/34 MP: 2/17
  3542 | D:4      | Found the +11 Singing Sword {sonic wave}
  3912 | D:4      | Reached skill level 7 in Spellcasting
  3912 | D:4      | Reached skill level 1 in Evocations
  4067 | D:4      | Noticed audacious124's ghost (amateur MDFi)
  4068 | D:4      | Found a runed translucent gate.
  4068 | D:4      | Found a runed translucent gate.
  4271 | D:4      | Reached XP level 7. HP: 39/39 MP: 15/20
  4400 | D:4      | Found a runed translucent gate.
  4428 | D:5      | Entered Level 5 of the Dungeon
  4514 | D:5      | Reached skill level 8 in Spellcasting
  4747 | D:5      | Noticed Edmund
  4754 | D:5      | Killed Edmund
  4984 | D:5      | Reached skill level 9 in Spellcasting
  5196 | D:5      | Reached XP level 8. HP: 42/44 MP: 18/23
  5555 | D:6      | Reached skill level 5 in Conjurations
  5600 | D:6      | Found a shimmering altar of Xom.
  5629 | D:6      | Reached skill level 10 in Spellcasting
  6044 | D:6      | Found a staircase to the Ecumenical Temple.
  6051 | D:6      | Reached skill level 11 in Spellcasting
  6061 | Temple   | Entered the Ecumenical Temple
  6373 | D:7      | Reached XP level 9. HP: 29/49 MP: 23/26
  6575 | D:7      | Noticed Maurice
  6588 | D:7      | Killed Maurice
  6589 | D:7      | Reached skill level 12 in Spellcasting
  6672 | D:7      | Found a hide-covered altar of Uskayaw.
  6943 | D:7      | Found a sparkling altar of Nemelex Xobeh.
  7167 | D:7      | Found a runed translucent door.
  7168 | D:7      | Noticed Crazy Yiuf
  7564 | D:7      | Killed Crazy Yiuf
  7740 | D:8      | Noticed Maggie
  7855 | D:8      | Killed Maggie
  8015 | D:8      | Reached skill level 13 in Spellcasting
  8291 | D:8      | Noticed a gargoyle
  8300 | D:8      | Killed a gargoyle
  8301 | D:8      | Reached XP level 10. HP: 56/56 MP: 27/29
  8419 | D:8      | Found a broken altar of Ashenzari.
  8579 | D:8      | Found a radiant altar of Vehumet.
  8597 | D:8      | Became a worshipper of Vehumet
  8855 | D:9      | Found Kahaenol's Antique Weapon Shoppe.
  8953 | D:9      | Found Xexir's General Store.
  8961 | D:9      | Bought a potion of curing for 30 gold pieces
  9035 | D:9      | Reached skill level 14 in Spellcasting
  9042 | D:9      | Reached skill level 1 in Long Blades
  9207 | D:9      | Found Guafazar's General Store.
  9213 | D:9      | Bought a potion of curing for 39 gold pieces
  9213 | D:9      | Bought a scroll of identify for 26 gold pieces
  9213 | D:9      | Bought a potion of degeneration for 13 gold pieces
  9229 | D:9      | Found a blossoming altar of Fedhas.
  9248 | D:9      | Found a white marble altar of Elyvilon.
  9376 | D:9      | Reached * piety under Vehumet
  9376 | D:9      | Offered knowledge of Foxfire by Vehumet.
  9379 | D:9      | Learned a level 1 spell: Foxfire
  9625 | D:9      | Found a roughly hewn altar of Beogh.
  9714 | D:9      | Found Becom's Assorted Antiques.
  9721 | D:9      | Bought a scroll labelled MADU ZACWEKU for 35 gold pieces
  9721 | D:9      | Bought a glowing clear potion for 31 gold pieces
  9960 | D:10     | Entered Level 10 of the Dungeon
 10015 | D:10     | Reached skill level 1 in Fire Magic
 10022 | D:10     | Reached skill level 15 in Spellcasting
 10581 | D:10     | Learned a level 5 spell: Fireball
 10936 | D:10     | Found an opulent altar of Gozag.
 11007 | D:11     | Noticed a red ugly thing
 11015 | D:11     | Killed a red ugly thing
 11016 | D:11     | Reached XP level 11. HP: 26/61 MP: 30/32
 11090 | D:11     | Reached skill level 5 in Armour
 11291 | D:11     | Noticed Urug
 11299 | D:11     | Killed Urug
 11593 | D:11     | Reached ** piety under Vehumet
 11593 | D:11     | Offered knowledge of Shock by Vehumet.
 11778 | D:11     | Found a staircase to the Lair.
 11829 | D:11     | Reached skill level 16 in Spellcasting
 12028 | D:11     | Identified the +2 ring mail of Wiurchatz {Will+}
 12066 | D:11     | Noticed a deep elf pyromancer
 12075 | D:11     | Killed a deep elf pyromancer
 12112 | D:11     | Noticed a two-headed ogre
 12123 | D:11     | Killed a two-headed ogre
 12219 | D:11     | Reached skill level 5 in Fighting
 12300 | D:11     | Noticed a two-headed ogre
 12308 | D:11     | Killed a two-headed ogre
 12309 | D:11     | Reached skill level 10 in Conjurations
 12338 | D:11     | Noticed a two-headed ogre
 12344 | D:11     | Killed a two-headed ogre
 12345 | D:11     | Reached skill level 5 in Fire Magic
 12355 | D:11     | Offered knowledge of Dazzling Flash by Vehumet.
 12502 | D:11     | Reached skill level 17 in Spellcasting
 12502 | D:11     | Noticed a two-headed ogre
 12509 | D:11     | Noticed a sun demon
 12532 | D:11     | Killed a two-headed ogre
 12542 | D:11     | Reached skill level 1 in Shields
 12542 | D:11     | Reached XP level 12. HP: 39/68 MP: 16/35
 12691 | D:11     | Noticed a two-headed ogre
 12708 | D:11     | Killed a two-headed ogre
 13019 | D:11     | Reached *** piety under Vehumet
 13468 | D:11     | Noticed Nergalle
 13474 | D:11     | Killed Nergalle
 14002 | D:12     | Identified the +9 long sword "Piocal" {flame, rF+ rN+++
                  | Will- Stlth+}
 14016 | D:12     | Noticed a two-headed ogre
 14020 | D:12     | Killed a two-headed ogre
 14021 | D:12     | Reached skill level 18 in Spellcasting
 14216 | D:12     | Offered knowledge of Inner Flame by Vehumet.
 14718 | D:12     | Found a staircase to the Orcish Mines.
 14998 | D:12     | Identified 2 scrolls of acquirement
 15018 | D:13     | Noticed a centaur warrior
 15025 | D:13     | Killed a centaur warrior
 15033 | D:13     | Found a gate leading to a gauntlet.
 15042 | Gauntlet | Entered a Gauntlet
 15042 | Gauntlet | Found a runed translucent door.
 15042 | Gauntlet | Found a transporter.
 15042 | Gauntlet | Found a runed translucent door.
 15045 | Gauntlet | Found a transporter.
 15047 | Gauntlet | Found a transporter.
 15063 | Gauntlet | Found a transporter.
 15072 | Gauntlet | Found a transporter.
 15088 | Gauntlet | Found a transporter.
 15098 | Gauntlet | Found a transporter.
 15101 | Gauntlet | Noticed a hell beast
 15107 | Gauntlet | Found a runed translucent gate.
 15108 | Gauntlet | Found a transporter.
 15108 | Gauntlet | Found a runed translucent gate.
 15109 | Gauntlet | Found a runed translucent gate.
 15111 | Gauntlet | Noticed an entropy weaver
 15122 | Gauntlet | Found a transporter.
 15131 | Gauntlet | Found a transporter.
 15137 | Gauntlet | Found a transporter.
 15177 | Gauntlet | Identified the +1 leather armour "Vanin" {rF++ rC+ Will-
                  | rCorr}
 15236 | Gauntlet | Found a transporter.
 15236 | Gauntlet | Found a transporter.
 15237 | Gauntlet | Reached **** piety under Vehumet
 15396 | Gauntlet | Identified the amulet "Oworik" {rPois Regen+ SInv}
 15602 | Gauntlet | Noticed a minotaur
 15608 | Gauntlet | Killed a minotaur
 15609 | Gauntlet | Reached skill level 19 in Spellcasting
 15609 | Gauntlet | Reached XP level 13. HP: 41/72 MP: 10/38
 15614 | Gauntlet | Acquired 561 gold pieces
 15615 | Gauntlet | Acquired 769 gold pieces
 16208 | D:13     | Offered knowledge of Ignite Poison by Vehumet.
 16399 | D:13     | You fall into a shaft and drop 1 floor!
 16399 | D:14     | Found Zeticwy's Antique Armour Emporium.
 17008 | D:13     | Found a gate to the Vaults.
 17187 | D:14     | Reached skill level 5 in Shields
 17394 | D:14     | Found Awesk's Distillery.
 17400 | D:14     | Bought a potion of haste for 130 gold pieces
 17400 | D:14     | Bought a potion of curing for 39 gold pieces
 17400 | D:14     | Bought a potion of curing for 39 gold pieces
 17400 | D:14     | Bought a potion of magic for 104 gold pieces
 17400 | D:14     | Bought a potion of curing for 39 gold pieces
 17400 | D:14     | Bought a potion of heal wounds for 65 gold pieces
 17428 | D:14     | Found Cibeog's Antique Armour Emporium.
 17557 | D:14     | Reached skill level 20 in Spellcasting
 18342 | D:15     | Entered Level 15 of the Dungeon
 18539 | D:15     | Reached ***** piety under Vehumet
 18539 | D:15     | Offered knowledge of Olgreb's Toxic Radiance by Vehumet.
 18854 | D:15     | Reached XP level 14. HP: 74/78 MP: 15/40
 19178 | D:15     | Noticed Agnes
 19187 | D:15     | Killed Agnes
 19624 | D:15     | Found a staircase to the Depths.
 19673 | D:15     | Reached skill level 21 in Spellcasting
 20133 | D:15     | Found a shadowy altar of Dithmenos.
 20432 | Lair:1   | Entered Level 1 of the Lair of Beasts
 20591 | Lair:1   | Reached skill level 10 in Fire Magic
 21298 | Lair:1   | Acquired 720 gold pieces
 22182 | Lair:2   | Found a staircase to the Snake Pit.
 22309 | Lair:2   | Offered knowledge of Plasma Beam by Vehumet.
 22873 | Lair:3   | Reached skill level 22 in Spellcasting
 23062 | Lair:3   | Found a staircase to the Shoals.
 23946 | Lair:4   | Reached XP level 15. HP: 84/84 MP: 25/43
 23948 | Lair:4   | Reached skill level 1 in Earth Magic
 24478 | Lair:4   | Found a staircase to the Slime Pits.
 25059 | Slime:1  | Entered Level 1 of the Pits of Slime
 25087 | Lair:5   | Entered Level 5 of the Lair of Beasts
 25342 | Lair:5   | Offered knowledge of Conjure Ball Lightning by Vehumet.
 25576 | Lair:5   | Learned a level 3 spell: Stone Arrow
 26757 | Lair:5   | Paralysed by a hornet for 3 turns
 27018 | Lair:5   | Reached skill level 23 in Spellcasting
 28094 | Orc:1    | Entered Level 1 of the Orcish Mines
 28307 | Orc:2    | Entered Level 2 of the Orcish Mines
 28325 | Orc:1    | Offered knowledge of Lee's Rapid Deconstruction by Vehumet.
 28337 | Orc:1    | Learned a level 5 spell: Lee's Rapid Deconstruction
 28936 | Orc:2    | Paralysed by an ogre mage for 4 turns
 29795 | Orc:2    | Found a staircase to the Elven Halls.
 29817 | Orc:2    | Offered knowledge of Starburst by Vehumet.
 29832 | Orc:2    | Learned a level 6 spell: Starburst
 29846 | Orc:2    | Reached XP level 16. HP: 88/88 MP: 17/45
 30126 | Orc:2    | Reached skill level 5 in Long Blades
 30199 | Orc:2    | Found Mustroko's Antique Weapon Shop.
 30199 | Orc:2    | Found Yshedyo's General Store.
 30200 | Orc:2    | Found Syeban's General Store.
 30200 | Orc:2    | Found Selumed's Jewellery Boutique.
 30210 | Orc:2    | Bought a scroll of identify for 30 gold pieces
 30212 | Orc:2    | Bought a scroll of identify for 28 gold pieces
 30225 | Orc:2    | Found Quydup's General Store.
 30232 | Orc:2    | Bought a scroll of teleportation for 45 gold pieces
 30232 | Orc:2    | Bought a scroll of identify for 30 gold pieces
 30441 | Orc:2    | Learned a level 5 spell: Iskenderun's Battlesphere
 30448 | Orc:2    | Learned a level 6 spell: Bombard
 30883 | Shoals:1 | Entered Level 1 of the Shoals
 30903 | Shoals:1 | Reached skill level 1 in Necromancy
 30906 | Shoals:1 | HP: 1/90 [merfolk javelineer/javelin (4)]
 31064 | Shoals:1 | Reached skill level 24 in Spellcasting
 31448 | Shoals:1 | Noticed Nikola
 31473 | Shoals:1 | Killed Nikola
 31726 | Shoals:1 | Noticed Frances
 31729 | Shoals:1 | Reached skill level 15 in Conjurations
 31731 | Shoals:1 | Killed Frances
 31733 | Shoals:1 | Noticed a kraken
 31879 | Shoals:1 | Killed a kraken
 32502 | Shoals:2 | Offered knowledge of Irradiate by Vehumet.
 33172 | Shoals:2 | Found Fiqarphusk's Jewellery Boutique.
 33362 | Shoals:3 | Found Uxawkuco's Armour Shop.
 33605 | Shoals:3 | Reached skill level 25 in Spellcasting
 34183 | Shoals:3 | Noticed a kraken
 34191 | Shoals:3 | Killed a kraken
 34415 | Shoals:4 | Entered Level 4 of the Shoals
 34521 | Shoals:4 | Reached XP level 17. HP: 78/96 MP: 32/48
 34590 | Shoals:4 | Paralysed by an air elemental for 1 turns
 34592 | Shoals:4 | Reached skill level 1 in Ice Magic
 34848 | Shoals:4 | Paralysed by an air elemental for 1 turns
 34857 | Shoals:4 | Paralysed by an air elemental for 1 turns
 34859 | Shoals:4 | Paralysed by an air elemental for 1 turns
 35039 | Shoals:4 | Offered knowledge of Ignition by Vehumet.
 35160 | Shoals:4 | Learned a level 8 spell: Ignition
 35169 | Shoals:4 | Paralysed by an air elemental for 1 turns
 36097 | Shoals:4 | Noticed a titan
 36106 | Shoals:4 | Slain by a titan

Illustrated notes

Levels and vault maps discovered:
D:1:      nicolae_arrival_memento_mori, layout_basic, serial_shops,
          nicolae_shop_tiny_waterfront, basic_ecumenical_altar,
          minmay_misc_feat_iff, hex_medium
D:2:      layout_loops_ring, grunt_ministairs_6, minmay_pentomino_p4
D:3:      layout_basic, kennysheep_flooded_box
D:4:      old_forge, layout_basic, ebering_ghost_rock_garden, serial_shops,
          shop, kennysheep_donut
D:5:      layout_loops_corners, nicolae_overflow_hidden_temple, uniq_edmund,
          uniq_grinder
D:6:      layout_gridville, mainiacjoe_overflow_24_doors,
          minmay_temple_entry_glassed_door, nicolae_figureground_sparkle
D:7:      layout_loops_corners, lemuel_coloured_pillars_altar,
          kennysheep_little_box, uniq_maurice, uniq_crazy_yiuf_cottage
D:8:      layout_basic, vehumet_statue, old_standard_altar,
          kennysheep_generic_room_8, uniq_maggie
D:9:      minmay_spotlight, layout_gridville, elyvilon_altar_3,
          mainiacjoe_overflow_chevrons, serial_shops, shop,
          nicolae_shop_advertising_works [nicolae_subvault_shop_adworks],
          nicolae_shop_hallway_stairs, shop, david_defended_altar_orc
D:10:     layout_cave_pods, nicolae_gozag_cash_rules_everything_around_me
D:11:     lemuel_castle_with_subvaults [lemuel_castle_interior_carwin_1],
          layout_stronghold, grunt_lair_entry_orc_guard_hut, uniq_urug,
          uniq_nergalle
D:12:     layout_loops_cross, erik_orc_1, kennysheep_generic_room_7
D:13:     layout_basic, ximxim_vaults_locker_room, gauntlet_entry_generic
D:14:     layout_grid_maze, serial_shops, shop, nicolae_shop_overgrown_old_shop,
          shop
D:15:     grunt_enter_depths_magical_seal, layout_loops_corners,
          serial_bayou_lagoon_a, grunt_dithmenos_shadows, uniq_agnes
Temple:   nicolae_temple_ecumenical_triangle
Lair:1:   layout_cave_shapes, chequers_serial_rivers_small_a,
          pdpol_lair_cavern_descent, grunt_megastairs_4
Lair:2:   layout_gridlike, nicolae_snake_entry_warm_welcome, grunt_megastairs_2,
          infiniplex_staircase_pool
Lair:3:   layout_gridlike, shoals_dummy_entry
Lair:4:   layout_regular_city, slime_entry_1
Lair:5:   guppyfry_lair_end_dragon, layout_loops_ring, wormcave,
          wad_woods_road_01, grunt_megastairs_5
Shoals:1: layout_shoals, st_sunken_huts, uniq_nikola, uniq_frances
Shoals:2: layout_shoals, nicolae_shoals_lost_giant_pillars,
          nicolae_take_the_stairs, nicolae_shoals_aquamancer_cove
Shoals:3: layout_shoals, serial_shops, nicolae_stop_n_shop_2
Shoals:4: shoals_end_hellmonk_storm_palace [storm_palace_center_ruins,
          storm_palace_corner_pillars, storm_palace_corner_narrow,
          storm_palace_corner_reverse_hut, storm_palace_corner_pillars]
Slime:1:  layout_caves, nicolae_slime_ancient_tower_intersection
Orc:1:    layout_caves
Orc:2:    st_orc_ogre_mass, layout_diamond_mine, serial_shops,
          nicolae_shop_stone, mines4_lemuel

Skill      XL: |  1  2  3  4  5  6  7  8  9 10 11 12 13 14 15 16 17 |
---------------+----------------------------------------------------+-----
Fighting       | 1 2 4 5 6 7 |  7.3
Armour         | 1 2 3 4 5 6 |  6.9
Spellcasting   | 5 6 7 9 11 13 15 17 19 20 22 23 25 | 25.7
Conjurations   | 2 3 4 6 7 9 10 11 12 13 14 15 | 15.9
Dodging        | 3 |  3.0
Stealth        | 3 |  3.0
Air Magic      | 1 |  1.1
Alchemy        | 1 |  1.2
Evocations     | 1 |  1.0
Long Blades    | 3 4 5 |  5.0
Fire Magic     | 2 5 7 9 10 12 13 | 13.7
Shields        | 1 4 5 6 |  6.0
Earth Magic    | 4 |  4.0
Necromancy     | 3 |  3.0
Ice Magic      | 3 |  3.0
Summonings     | |  1.1
Translocations | |  1.1

Action                     |  1- 3 |  4- 6 |  7- 9 | 10-12 | 13-15 | 16-18 || total
---------------------------+-------+-------+-------+-------+-------+-------++-------
  Melee: Dagger            |    11 |    27 |       |       |       |       ||    38
         Double sword      |       |    15 |    91 |   101 |   109 |     5 ||   321
   Cast: Magic Dart        |    59 |   105 |   116 |    52 |    35 |     1 ||   368
         Mephitic Cloud    |       |     9 |    20 |    38 |    12 |     2 ||    81
         Call Imp          |       |     2 |     6 |     2 |     1 |       ||    11
         Foxfire           |       |       |       |   279 |     2 |       ||   281
         Fireball          |       |       |       |    89 |   446 |   291 ||   826
         Blink             |       |       |       |     3 |     6 |     3 ||    12
         Starburst         |       |       |       |       |       |    13 ||    13
         Iskenderun's Batt |       |       |       |       |       |     3 ||     3
         Stone Arrow       |       |       |       |       |       |     1 ||     1
  Evoke: Wand              |       |       |     2 |     4 |     1 |       ||     7
    Use: Scroll            |       |       |       |    10 |    14 |     4 ||    28
         Potion            |       |       |       |       |       |     2 ||     2
   Stab: Confused          |       |     7 |    14 |    12 |    12 |       ||    45
         Distracted        |       |       |     1 |       |       |       ||     1
         Paralysed         |       |       |     2 |       |     1 |       ||     3
 Armour: Robe              |     8 |    18 |    31 |       |       |       ||    57
         Steam dragon scal |       |       |    11 |   104 |       |       ||   115
         Ring mail         |       |       |       |       |   114 |       ||   114
         Ice dragon scales |       |       |       |       |    25 |    92 ||   117
  Dodge: Dodged            |    14 |    21 |    79 |    82 |    55 |    16 ||   267
  Block: Buckler           |       |       |       |       |    10 |    10 ||    20

Table legend: (Time is in decaauts)
 A = Elapsed time spent in this place.
 B = Non-inter-level travel time spent in this place.
 C = Inter-level travel time spent in this place.
 D = Time resting spent in this place.
 E = Time spent auto-exploring this place.
 F = Levels seen in this place.
 G = Mean time per level.
                   A        B        C        D        E       F      G
               +--------+--------+--------+--------+--------+-----+--------+
         Total |  36551 |  34131 |   2420 |   3109 |  26358 |  29 | 1260.4 |
       Dungeon |  20511 |  18789 |   1722 |    889 |  15428 |  15 | 1367.4 |
        Temple |    116 |     96 |     20 |      0 |      0 |   1 |  116.0 |
          Lair |   7559 |   7179 |    380 |    771 |   5673 |   5 | 1511.8 |
        Shoals |   5183 |   5005 |    178 |    655 |   3657 |   4 | 1295.8 |
    Slime Pits |      1 |      1 |      0 |      0 |      0 |   1 |    1.0 |
  Orcish Mines |   2593 |   2474 |    119 |    573 |   1592 |   2 | 1296.5 |
      Gauntlet |    586 |    586 |      0 |    221 |      7 |   1 |  586.0 |
               +--------+--------+--------+--------+--------+-----+--------+

Top non-repeatable levels by time:
    D:11: 2935 daAuts
  Lair:5: 2199 daAuts
    D:15: 2011 daAuts
  Lair:1: 1727 daAuts
Shoals:4: 1718 daAuts
     D:7: 1549 daAuts
  Lair:4: 1433 daAuts
  Lair:3: 1409 daAuts
    D:10: 1366 daAuts
Shoals:1: 1347 daAuts
     D:8: 1337 daAuts
   Orc:1: 1323 daAuts
     D:4: 1288 daAuts
    D:12: 1278 daAuts
   Orc:2: 1269 daAuts
